 Dungeon Crawl Stone Soup version 0.22-a0-247-gbddf880 (webtiles) character file.

1352576 grisnicke the Acrobat (level 23, 106/106 HPs)
             Began as a Felid Enchanter on Feb 14, 2018.
             Was the Champion of Dithmenos.
             Escaped with the Orb
             ... and 3 runes on Feb 27, 2018!
             The game lasted 11:01:41 (94995 turns).

grisnicke the Acrobat (Felid Enchanter)            Turns: 94995, Time: 11:01:42

Health: 106/106    AC:  3    Str:  4    XL:     23   Next: 75%
Magic:  43/43      EV: 38    Int: 25    God:    Dithmenos [******]
Gold:   955        SH:  0    Dex: 19    Spells: 0/53 levels left
                                        Lives:  1   Deaths: 3

rFire    + + .     SeeInvis +     - Unarmed
rCold    + . .     Gourm    .   (shield unavailable)
rNeg     + + +     Faith    .   (armour unavailable)
rPois    +         Spirit   +   (helmet unavailable)
rElec    +         Reflect  .   (cloak unavailable)
rCorr    .         Harm     .   (gloves unavailable)
MR       +++..                  (boots unavailable)
Stlth    +++++.....             I - amulet of guardian spirit {Spirit}
HPRegen  0.27/turn              G - ring of protection from fire {rF+, !d}
MPRegen  0.28/turn              q - ring of Pipu {rElec rF+ rN+++}

@: very slightly contaminated, hasted, wreathed by umbra, studying Invocations,
very quick
A: very small, no armour, no weapons or thrown items, stealth, claws 1, fangs 3,
see invisible, carnivore, speed 1, frail 1, poison resistance, shaggy fur 3,
slow metabolism 1, wild magic 1, sharp paws
0: Orb of Zot
}: 3/15 runes: barnacled, abyssal, gossamer
a: Shadow Step, Shadow Form, Renounce Religion


You escaped.
You worshipped Dithmenos.
Dithmenos was exalted by your worship.
You were not hungry.

You visited 10 branches of the dungeon, and saw 49 of its levels.
You visited the Abyss 1 time.
You visited 1 bazaar.
You also visited: Labyrinth and Volcano.

You collected 6309 gold pieces.
You spent 5354 gold pieces at shops.

Inventory:

Missiles
 l - a throwing net {=f, !d}
Jewellery
 p - an uncursed ring of wizardry {Wiz+, !d}
   (You acquired it on level 2 of the Orcish Mines)
 q - the ring of Pipu (right paw) {rElec rF+ rN+++}
   (You took it off a deep elf elementalist on level 3 of the Elven Halls)

   [ring of protection from fire]

   It protects you from fire.
   It insulates you from electricity.
   It renders you almost immune to negative energy.
 w - an uncursed ring of resist corrosion
   (You found it on level 5 of the Dungeon)
 G - a ring of protection from fire (left paw) {rF+, !d}
   (You took it off a deep elf death mage on level 3 of the Elven Halls)
 I - an amulet of guardian spirit (around neck) {Spirit}
   (You found it on level 12 of the Dungeon)
 P - the ring "Opleoh" {MR+ Int+2 Stlth+}
   (You acquired it on level 3 of the Vaults)

   [ring of stealth]

   It affects your intelligence (+2).
   It affects your resistance to hostile enchantments.
   It makes you more stealthy.
 U - the amulet of the Four Winds {rN+ MR+++ Clar}
   (You took it off a deep elf elementalist on level 3 of the Elven Halls)

   [amulet of nothing]

   It protects you from negative energy.
   It affects your resistance to hostile enchantments.
   It protects you against confusion.
 X - an uncursed ring of poison resistance {rPois, !d}
   (You found it on level 3 of the Elven Halls)
 Z - a +5 ring of protection
   (You found it on level 4 of the Realm of Zot)
Wands
 k - a wand of disintegration (25)
   (You found it on level 2 of the Dungeon)
 u - a wand of acid (32)
   (You found it on level 5 of the Dungeon)
 v - a wand of scattershot (5)
   (You found it on level 5 of the Dungeon)
 H - a wand of digging (36)
   (You found it on level 2 of the Lair of Beasts)
 N - a wand of iceblast (49)
   (You found it in a labyrinth)
 O - a wand of paralysis (25)
   (You found it on level 3 of the Spider Nest)
 T - a wand of enslavement (7)
   (You found it on level 14 of the Dungeon)
Scrolls
 d - 8 scrolls of amnesia
 e - 31 scrolls of remove curse
 g - 11 scrolls of teleportation
 n - 4 scrolls of fear
 x - 4 scrolls of blinking {!r}
 z - 3 scrolls of silence
 A - 9 scrolls of vulnerability {!r!r}
 J - a scroll of summoning
 M - 3 scrolls of holy word {!r}
 Q - 6 scrolls of fog
 W - 16 scrolls of identify
Potions
 c - 12 potions of agility
 f - 3 potions of heal wounds
 h - 3 potions of cancellation
 i - 13 potions of flight
 j - 2 potions of magic
 m - 5 potions of ambrosia
 o - 6 potions of lignification {!q}
 r - 6 potions of brilliance
 s - 7 potions of mutation {!q}
 t - 2 potions of invisibility
 C - 3 potions of berserk rage {!q}
 D - 12 potions of curing
 E - 4 potions of resistance
 F - 5 potions of might
 K - 3 potions of haste
Books
 Y - a manual of Invocations {!d}
   (You found it on level 2 of the Realm of Zot)
Miscellaneous
 a - 5 phantom mirrors
 y - 4 sacks of spiders
 L - a fan of gales
   (You found it in a labyrinth)
 R - a lightning rod (4/4)
   (You found it on level 14 of the Dungeon)
 S - a box of beasts
 V - a phial of floods
   (You found it on level 3 of the Elven Halls)
Comestibles
 b - 71 rations


   Skills:
 * Level 20.7 Fighting
 + Level 23.8 Dodging
 - Level 16.0 Stealth
 + Level 16.5 Unarmed Combat
 - Level 15.5 Spellcasting
 - Level 15.0 Hexes
 - Level 4.0 Charms
 - Level 13.0 Summonings
 - Level 8.0 Necromancy
 - Level 3.0 Translocations
 - Level 12.0 Transmutations
 - Level 2.0 Ice Magic
 - Level 13.0 Earth Magic
 - Level 12.0 Invocations
 - Level 4.0 Evocations


You couldn't memorise any spells.
You knew the following spells:

 Your Spells              Type           Power        Failure   Level  Hunger
a - Ensorcelled Hibernat  Hex/Ice        ######       1%          2    None
b - Tukima's Dance        Hex            #######.     1%          3    None
c - Confuse               Hex            #######.     1%          3    None
d - Dazzling Spray        Conj/Hex       ######       1%          3    None
e - Statue Form           Tmut/Erth      #######..    4%          6    ####...
f - Borgnjor's Vile Clut  Necr/Erth      #######...   2%          5    #......
g - Silence               Hex/Air        ######....   6%          5    #......
h - Shadow Creatures      Summ           N/A          3%          6    ####...
i - Confusing Touch       Hex            ######       1%          1    None
j - Apportation           Tloc           #####.       1%          1    None
k - Blink                 Tloc           N/A          2%          2    None
l - Summon Mana Viper     Hex/Summ       #######.     1%          5    #......
r - Regeneration          Chrm/Necr      ######....   1%          3    None
v - Corona                Hex            #######      1%          1    None
w - Passwall              Tmut/Erth      #######...   1%          2    None
z - Lee's Rapid Deconstr  Erth           #######...   1%          5    #......


Dungeon Overview and Level Annotations

Branches:
Dungeon (15/15)            Temple (1/1) D:4            Lair (6/6) D:10
 Shoals (4/4) Lair:2       Spider (4/4) Lair:3        Slime (0/5) Lair:6
    Orc (2/2) D:9             Elf (3/3) Orc:2        Vaults (4/5) D:14
 Depths (5/5) D:15            Zot (5/5) Depths:5
  Crypt: Vaults:2-3

Altars:
Ashenzari
Cheibriados
Dithmenos
Elyvilon
Fedhas
Gozag
Hepliaklqana
Kikubaaqudgha
Makhleb
Nemelex Xobeh
Okawaru
Qazlal
Ru
Sif Muna
Trog
Uskayaw
Vehumet
Wu Jian
Xom
Yredelemnul
Zin
The Shining One
Beogh

Shops:
D:7 *   D:11 *   D:15 (   Orc:2 **}?([[   Shoals:4 %%   Vaults:4 %
Depths:2 (![   Depths:4 (

Portals:
Hell: Depths:1 Depths:2 Depths:3 Depths:4 Depths:5
Abyss: Depths:4 Depths:5
Pandemonium: Depths:3 Depths:4
Ziggurat: Depths:5
Trove: Depths:1 (lose all piety)

Annotations:
D:2 1 runed door
D:7 2 transporters
D:12 1 runed door
Lair:2 exclusion: 3 oklob plants
Shoals:3 Bai Suzhen
Shoals:4 Ilsuiw
Elf:2 3 runed doors
Vaults:1 exclusions: door and great orb of eyes
Vaults:2 exclusion: door
Vaults:3 exclusion: door
Vaults:4 exclusion: obsidian statue
Depths:1 41 runed doors
Depths:2 1 runed door
Depths:3 Bazaar


Innate Abilities, Weirdness & Mutations

You cannot wear armour.
You are incapable of wielding weapons or throwing items.
Your paws allow you to move quietly. (Stealth)
You have sharp claws.
You have razor-sharp teeth.
You have supernaturally acute eyesight. (SInv)
You are carnivorous and can eat meat at any time.
You cover ground quickly.
Your thick and shaggy fur keeps you warm. (AC +3, rC+)
You have a slow metabolism.
Your sharp claws are effective at attacking unaware monsters.
You are frail. (-10% HP)
Your system is resistant to poisons. (rPois)
Your spells are a little harder to cast, but a little more powerful.


Message History

You see here 3 large rocks {!d}.
Items here: ( )) [ a rapier; a robe; a dagger; 2 stones
There is a stone staircase leading up here.
MP restored: 43 You revert to your normal fleshy form.
You now have 106/106 hp.
You climb upwards.
There is a stone staircase leading down here.
(D) Dungeon (T) Temple (L) Lair (A) Shoals (N) Spider Nest (M) Slime Pits (O) Orcish Mines (E) Elven Halls (V) Vaults (U) Depths (H) Hell (Z) Zot
Where to? (Enter - D:11 @ (x,y), ? - help)
You climb downwards.
There is a stone staircase leading up here.
You climb upwards.
There is a stone staircase leading down here.
(D) Dungeon (T) Temple (L) Lair (A) Shoals (N) Spider Nest (M) Slime Pits (O) Orcish Mines (E) Elven Halls (V) Vaults (U) Depths (H) Hell (Z) Zot
Where to? (Enter - D:11 @ (x,y), ? - help)
What level of the Dungeon? (default 1, ? - help)
An angel comes into view.
It is wielding a sacred scourge of holy wrath.
You feel yourself speed up.
There is a stone staircase leading up here.
You climb upwards.
There is a stone staircase leading down here.
(D) Dungeon (T) Temple (L) Lair (A) Shoals (N) Spider Nest (M) Slime Pits (O) Orcish Mines (E) Elven Halls (V) Vaults (U) Depths (H) Hell (Z) Zot
Where to? (Enter - D:1 @ (x,y), ? - help)
A large abomination comes into view.
There is a stone staircase leading up here.
You climb upwards.
There is a stone staircase leading down here.
There is a stone staircase leading up here.
You climb upwards.
Level annotation: 2 transporters
There is a stone staircase leading down here.
(D) Dungeon (T) Temple (L) Lair (A) Shoals (N) Spider Nest (M) Slime Pits (O) Orcish Mines (E) Elven Halls (V) Vaults (U) Depths (H) Hell (Z) Zot
Where to? (Enter - D:1 @ (x,y), ? - help)
Okay, then.
The rock shatters into small pieces.
There is a stone staircase leading up here.
(D) Dungeon (T) Temple (L) Lair (A) Shoals (N) Spider Nest (M) Slime Pits (O) Orcish Mines (E) Elven Halls (V) Vaults (U) Depths (H) Hell (Z) Zot
Where to? (Enter - D:1 @ (x,y), ? - help)
You climb upwards.
Your extra speed is starting to run out.
There is a stone staircase leading down here.
You feel yourself slow down.
Things that are here:
a leather armour; a short sword You hear a grinding noise.
There is a stone staircase leading up here.
You climb upwards.
There is a stone staircase leading down here.
There is a stone staircase leading up here.
You climb upwards.
There is a stone staircase leading down here.
There is a stone staircase leading up here.
You climb upwards.
There is a stone staircase leading down here.
There is a stone staircase leading up here.
You climb upwards.
Level annotation: 1 runed door
There is a stone staircase leading down here.
A tormentor comes into view.
You fade into invisibility!
You are very lightly contaminated with residual magic.
(D) Dungeon (T) Temple (L) Lair (A) Shoals (N) Spider Nest (M) Slime Pits (O) Orcish Mines (E) Elven Halls (V) Vaults (U) Depths (H) Hell (Z) Zot
Where to? (Enter - D:1 @ (x,y), ? - help)
You flicker for a moment.
You flicker back into view.
There is a stone staircase leading up here.
You climb upwards.
There is a stone staircase leading down here.
You hear a grinding noise.
You hear a grinding noise.
A cacodemon comes into view.
You feel yourself speed up. The cacodemon gestures at you.
Strange energies course through your body.
As you read the scroll of fog, it crumbles to dust.
The scroll dissolves into smoke.
You hear a grinding noise.
You hear a grinding noise.
You hear a grinding noise.
There is an open door here.
You see here 2 stones.
You see here a stone.
You hear a grinding noise.
There is an open door here.
There is a staircase leading out of the dungeon here.
You have escaped!

#.# #.# #...
#.# #.# #...
#'# #.# #)..
##.###.# #...
### #...##.#
##...
##.###(..##.#
#....
#...#(.((.#.#
#....
#..(#..(..#.#
#....
#.@.'(.8((#.#
#....
#...#(..((#.#
#....
#...#..(((#.#
#....
##.###(((##.#
##### ###
#((.#..#
##.##.##
#+#..# #...##
#####


There were no monsters in sight!

Vanquished Creatures
  Mara (Depths:2)
  3 orbs of fire (Zot:5)
  4 juggernauts
  5 ancient liches
  Saint Roka (Elf:3)
  3 Killer Klowns (Zot:5)
  A caustic shrike (Depths:4)
  6 golden dragons
  A bone dragon (Depths:5)
  A Tzitzimitl (Depths:3)
  2 liches (Depths:4)
  2 electric golems (Zot:5)
  4 tentacled monstrosities
  20 Orb Guardians (Zot:5)
  4 quicksilver dragons
  2 deep elf blademasters (Elf:3)
  Polyphemus (Shoals:2)
  5 death cobs
  A sphinx (Depths:4)
  8 shadow dragons
  14 storm dragons
  13 draconian monks
  A tengu reaver (Depths:5)
  4 fire giants
  Roxanne (D:15)
  7 deep elf sorcerers
  Louise (D:14)
  12 draconian knights
  4 vault wardens
  5 draconian scorchers
  An orc warlord (Orc:2)
  An iron dragon (Depths:4)
  Aizul (Shoals:2)
  3 emperor scorpions
  7 ghost moths
  5 frost giants
  A juggernaut zombie (D:15)
  The ghost of Syneil the Severer, a journeyman DDFi of Makhleb (Lair:6)
  4 draconian shifters
  A cacodemon (Depths:4)
  6 deep elf elementalists
  7 draconian stormcallers
  2 spriggan defenders
  5 ironheart preservers
  5 draconian annihilators
  19 stone giants
  2 entropy weavers
  9 green draconians
  11 very ugly things
  4 deep elf demonologists (Elf:3)
  9 vampire knights
  A minotaur (Lab)
  5 purple draconians
  14 black draconians
  11 red draconians
  10 white draconians
  16 deep elf annihilators
  15 spark wasps
  9 yellow draconians
  8 deep elf death magi
  6 merfolk impalers
  4 ettins
  2 merfolk javelineers
  15 fire dragons
  9 great orbs of eyes
  15 yaktaur captains
  5 deep elf high priests (Elf:3)
  2 vault guards (Vaults:2)
  Erolcha (D:11)
  Harold (Lair:1)
  11 rakshasas
  12 centaur warriors
  5 spriggan air magi
  7 hydras
  Erica (D:14)
  7 ice dragons
  2 catoblepae
  3 alligator snapping turtles
  29 two-headed ogres
  2 merfolk aquamancers
  13 ogre magi
  3 merfolk avatars
  12 dancing weapons
  8 deep troll shamans
  6 tengu warriors
  8 deep troll earth magi
  13 death yaks
  4 vampire magi
  An orc high priest (Orc:2)
  Urug (Lair:4)
  2 death knights (Vaults:3)
  2 soul eaters
  A sun demon (Depths:3)
  5 spriggan berserkers
  A fire crab (shapeshifter) (D:14)
  14 deep elf knights
  A wretched star (Abyss:2)
  An iron troll (Depths:2)
  4 hell knights
  7 shadow wraiths
  22 deep trolls
  13 skeletal warriors
  4 shadow demons (Depths:3)
  11 sea snakes
  4 flayed ghosts
  4 unseen horrors
  2 wizards
  A spark wasp zombie (D:15)
  2 glowing orange brains
  18 harpies
  14 deep elf archers
  A mana viper (shapeshifter) (D:13)
  5 orc knights
  9 ironbrand convokers
  A wolf spider zombie (D:13)
  3 phantasmal warriors
  11 necromancers
  An iron dragon zombie (D:15)
  13 orb spiders
  32 deep elf magi
  29 wolf spiders
  41 ugly things
  An orc sorcerer (Orc:2)
  A wolf spider (shapeshifter) (Elf:3)
  2 elephants (Lair:6)
  17 moths of wrath
  3 salamanders
  11 manticores
  11 cyclopes
  An elephant (shapeshifter) (Vaults:1)
  5 merfolk sirens
  2 centaur zombies
  2 black mambas
  A torpor snail (Spider:1)
  4 smoke demons
  4 water nymphs
  9 vault sentinels
  3 kobold demonologists
  A komodo dragon (shapeshifter) (Depths:1)
  A rime drake (shapeshifter) (Vaults:3)
  4 freezing wraiths
  32 yaktaurs
  7 rime drakes
  An efreet (D:15)
  12 spiny frogs
  An ice devil (Depths:4)
  6 demonic crawlers
  3 hellwings
  3 tengu conjurers
  10 komodo dragons
  A harpy zombie (D:15)
  A meliai (shapeshifter) (Depths:2)
  8 polar bears
  40 jumping spiders
  6 trolls
  13 merfolk
  7 wind drakes
  Prince Ribbit (D:7)
  A hippogriff (shapeshifter) (Elf:2)
  A deep troll zombie (Depths:1)
  2 spriggan zombies
  An ettin zombie (Depths:1)
  19 blink frogs
  14 dream sheep
  A dream sheep (shapeshifter) (Depths:1)
  20 hornets
  42 slime creatures
  10 hippogriffs
  5 large abominations
  5 snapping turtles
  58 redbacks
  A spriggan (Depths:4)
  10 shadows
  10 water elementals
  2 wraiths
  18 tarantellas
  42 yaks
  10 fire bats (Volcano)
  7 air elementals
  13 wyverns
  A vampire (D:12)
  4 hogs (D:7)
  A basilisk (shapeshifter) (Vaults:2)
  9 basilisks
  5 fire elementals
  A chaos spawn (Depths:3)
  A human (D:7)
  6 hungry ghosts
  2 steam dragons (Shoals:3)
  4 vampire mosquitoes (D:14)
  A two-headed ogre zombie (D:9)
  Menkaure (D:7)
  A soldier ant (D:11)
  14 water moccasins
  4 acid dragons
  A water moccasin (shapeshifter) (Vaults:1)
  3 wargs
  7 porcupines
  A swamp drake (shapeshifter) (Depths:4)
  33 orc warriors
  An ettin simulacrum (Vaults:1)
  An ice beast (D:10)
  5 sky beasts
  20 ogres
  2 phantoms
  13 boggarts
  25 centaurs
  6 wolves (Lair:4)
  19 crocodiles
  7 big kobolds
  An elf zombie (Elf:1)
  A small abomination (Abyss:2)
  21 bullfrogs
  An earth elemental (Elf:2)
  A gnoll sergeant (D:10)
  A wyvern skeleton (D:7)
  3 scorpions
  2 troll zombies (D:9)
  3 killer bees (D:8)
  A human simulacrum (Vaults:2)
  A tengu zombie (Depths:1)
  6 wights
  An electric eel (Lair:2)
  4 howler monkeys
  7 crimson imps
  5 bullfrog zombies
  2 quasits
  30 orc priests
  A bullfrog skeleton (D:9)
  A jelly (D:14)
  6 hounds
  An iron imp (Depths:3)
  26 orc wizards
  2 centaur skeletons
  3 iguanas
  14 worker ants
  2 yak simulacra (Lair:6)
  3 polar bear simulacra (Lair:6)
  4 wolf simulacra (Lair:6)
  5 ogre zombies (D:9)
  A hound zombie (D:10)
  A howler monkey zombie (D:9)
  A worker ant zombie (D:7)
  10 adders
  13 gnolls
  12 shadow imps
  2 white imps (Depths:3)
  An ufetubus (Abyss:2)
  An ooze (D:2)
  2 adder skeletons
  3 adder zombies
  4 worms
  4 dart slugs
  5 leopard geckos
  98 orcs
  A bat zombie (D:2)
  7 giant cockroaches
  7 goblins
  6 hobgoblins
  9 jackals
  2 quokkas
  2 ball pythons
  14 bats
  2 frilled lizards
  A giant cockroach zombie (D:2)
  A goblin skeleton (D:9)
  A goblin zombie (D:9)
  4 hobgoblin zombies (D:9)
  12 kobolds
  A leopard gecko skeleton (D:7)
  2 orc skeletons (D:9)
  17 orc zombies (D:9)
  3 quokka zombies
  7 rats
  2 river rat simulacra (Lair:6)
  A fungus (D:2)
  2 plants (Shoals:3)
  A tentacle (Shoals:4)
1965 creatures vanquished.

Vanquished Creatures (collateral kills)
  An orb of fire (Zot:5)
  2 Killer Klowns
  3 golden dragons
  2 tentacled monstrosities
  5 Orb Guardians (Zot:5)
  A death cob (Zot:2)
  A storm dragon (Zot:5)
  A draconian monk (Zot:5)
  3 frost giants
  2 draconian knights
  A deep elf elementalist (Elf:3)
  A draconian shifter (Zot:2)
  A draconian scorcher (Zot:2)
  A draconian stormcaller (Zot:1)
  A draconian annihilator (Zot:5)
  2 stone giants
  6 green draconians
  A white draconian (Zot:3)
  A vampire knight (Depths:3)
  3 red draconians
  4 yellow draconians
  2 merfolk javelineers
  6 purple draconians
  3 merfolk impalers
  5 ettins
  A great orb of eyes (Depths:5)
  2 ice dragons
  A centaur warrior (D:14)
  3 ogre magi
  A merfolk aquamancer (Shoals:4)
  23 two-headed ogres
  An orc high priest (Orc:2)
  A spriggan berserker (Depths:4)
  3 hell knights
  2 deep elf knights (D:14)
  3 deep trolls (Depths:5)
  An orc knight (Vaults:1)
  An orc sorcerer (Orc:2)
  A salamander (Volcano)
  3 slime creatures (Depths:2)
  A moth of wrath (Zot:4)
  2 merfolk sirens
  A tengu conjurer (Depths:5)
  7 merfolk
  A troll (shapeshifter) (Vaults:3)
  A troll (D:14)
  A hornet (Depths:4)
  3 water elementals (Shoals:4)
  A spriggan (Depths:4)
  A shadow (D:14)
  A hungry ghost (D:14)
  11 orc warriors
  4 boggarts (D:14)
  20 ogres
  4 centaurs (D:14)
  A gnoll sergeant (D:10)
  3 wights (D:15)
  5 orc priests
  An orc wizard (Orc:2)
  An iguana (D:14)
  A worker ant (D:14)
  A gnoll (D:10)
  21 orcs
  A kobold (D:14)
200 creatures vanquished.

Vanquished Creatures (others)
  An ogre mage (Vaults:4)
  A tengu warrior (Depths:5)
  A deep elf knight (D:14)
  A moth of wrath (Zot:5)
  26 dancing weapons
  A water elemental (Depths:2)
  A naga (shapeshifter) (Depths:2)
  2 centaurs (Depths:2)
  An orc (Vaults:1)
  6 fungi
  24 plants
  11 tentacles
76 creatures vanquished.

Grand Total: 2241 creatures vanquished

Notes
Turn   | Place    | Note
-------+----------+-------------------------------------------
     0 | D:1      | grisnicke the Felid Enchanter began the quest for the Orb.
     0 | D:1      | Reached XP level 1. HP: 7/7 MP: 4/4
   500 | D:1      | Reached XP level 2. HP: 11/11 MP: 6/6
   504 | D:1      | Learned a level 2 spell: Ensorcelled Hibernation
   873 | D:1      | Reached skill level 3 in Dodging
  1276 | D:1      | Reached skill level 5 in Hexes
  1276 | D:1      | Reached XP level 3. HP: 14/14 MP: 7/7
  1281 | D:1      | Learned a level 3 spell: Confuse
  1827 | D:2      | Found a sacrificial altar of Ru.
  1890 | D:2      | Reached skill level 5 in Stealth
  2643 | D:2      | Found a runed door.
  2665 | D:2      | Reached XP level 4. HP: 18/18 MP: 8/8
  3310 | D:2      | Reached skill level 2 in Unarmed Combat
  3596 | D:2      | Reached skill level 6 in Hexes
  3596 | D:2      | Reached XP level 5. HP: 21/21 MP: 6/9
  4351 | D:3      | Reached skill level 6 in Stealth
  4557 | D:4      | Found a shimmering altar of Xom.
  4997 | D:4      | Found a staircase to the Ecumenical Temple.
  5004 | Temple   | Entered the Ecumenical Temple
  5217 | D:4      | Found an ornate altar of the Wu Jian Council.
  5272 | D:5      | Entered Level 5 of the Dungeon
  5302 | D:5      | Reached skill level 4 in Dodging
  5525 | D:5      | Found a shattered altar of Ashenzari.
  5550 | D:5      | Found an ornate altar of the Wu Jian Council.
  5643 | D:5      | Gained mutation: You are covered in thick fur. (AC +2) [Felid growth]
  5643 | D:5      | Reached XP level 6. HP: 24/24 MP: 7/10
  5672 | D:5      | Learned a level 3 spell: Tukima's Dance
  6223 | D:5      | Reached skill level 7 in Hexes
  6567 | D:5      | Found a shattered altar of Ashenzari.
  6798 | D:5      | Reached skill level 7 in Stealth
  6882 | D:6      | You fall through a shaft for 3 floors!
  6918 | D:9      | Found a shadowy altar of Dithmenos.
  6928 | D:9      | Became a worshipper of Dithmenos the Shadowed
  6946 | D:9      | Reached XP level 7. HP: 18/27 MP: 4/12
  7105 | D:8      | Reached skill level 3 in Spellcasting
  7221 | D:8      | Reached skill level 5 in Dodging
  7221 | D:8      | Reached skill level 8 in Hexes
  7285 | D:8      | Reached skill level 8 in Stealth
  7466 | D:7      | Found a transporter.
  7466 | D:7      | Found a transporter.
  7466 | D:7      | Noticed a vampire mosquito
  7479 | D:7      | Found a hide-covered altar of Uskayaw.
  7480 | D:7      | Noticed a hippogriff
  8010 | D:6      | Reached skill level 3 in Unarmed Combat
  8171 | D:6      | Reached * piety under Dithmenos
  8171 | D:6      | Reached XP level 8. HP: 28/31 MP: 4/13
  8345 | D:6      | Reached skill level 9 in Stealth
  8503 | D:6      | Found a sparkling altar of Nemelex Xobeh.
  8694 | D:6      | Found a deep blue altar of Sif Muna.
  8768 | D:7      | Found Qetityaq's Elemental Accessories.
  8882 | D:7      | Reached skill level 6 in Dodging
  8911 | D:7      | Reached skill level 4 in Unarmed Combat
  9061 | D:7      | Noticed Menkaure
  9226 | D:7      | Killed Menkaure
  9226 | D:7      | Reached skill level 9 in Hexes
  9250 | D:7      | Reached skill level 1 in Ice Magic
  9477 | D:7      | Reached skill level 10 in Stealth
  9542 | D:7      | Reached skill level 5 in Unarmed Combat
  9568 | D:7      | Reached XP level 9. HP: 29/34 MP: 0/14
  9719 | D:7      | Noticed Prince Ribbit
  9974 | D:7      | Reached skill level 7 in Dodging
 10442 | D:7      | Reached skill level 6 in Unarmed Combat
 10497 | D:7      | Reached ** piety under Dithmenos
 10639 | D:7      | Reached skill level 10 in Hexes
 10678 | D:7      | Found an opulent altar of Gozag.
 10678 | D:7      | Found a snail-covered altar of Cheibriados.
 10747 | D:8      | Reached skill level 2 in Ice Magic
 10800 | D:8      | Reached skill level 1 in Fighting
 10883 | D:8      | Reached skill level 11 in Stealth
 11032 | D:8      | Reached skill level 2 in Fighting
 11172 | D:8      | Reached skill level 8 in Dodging
 11476 | D:9      | Noticed a troll
 11591 | D:9      | Reached skill level 3 in Fighting
 11591 | D:9      | Reached XP level 10. HP: 42/42 MP: 15/15
 12112 | D:9      | Reached skill level 11 in Hexes
 12382 | D:9      | Found a staircase to the Orcish Mines.
 12461 | D:9      | Reached *** piety under Dithmenos
 12593 | D:9      | Noticed a two-headed ogre
 12594 | D:9      | Reached skill level 9 in Dodging
 12777 | D:9      | Reached skill level 12 in Stealth
 12875 | D:9      | Reached skill level 4 in Fighting
 13811 | D:9      | Found a staircase to the Orcish Mines.
 13881 | D:9      | Found a shadowy altar of Dithmenos.
 14131 | D:9      | Killed a two-headed ogre
 14226 | D:10     | Entered Level 10 of the Dungeon
 14963 | D:10     | Reached skill level 5 in Fighting
 14963 | D:10     | Reached skill level 12 in Hexes
 15272 | D:10     | Found a staircase to the Lair.
 15336 | D:10     | Reached skill level 10 in Dodging
 15687 | D:11     | Noticed an unseen horror
 15690 | D:11     | Killed an unseen horror
 15730 | D:11     | Noticed a purple ugly thing
 15738 | D:11     | Killed a purple ugly thing
 15738 | D:11     | Reached skill level 13 in Stealth
 15738 | D:11     | Reached XP level 11. HP: 38/48 MP: 10/16
 16161 | D:11     | Noticed Erolcha
 16167 | D:11     | Reached skill level 6 in Fighting
 16412 | Lair:1   | Entered Level 1 of the Lair of Beasts
 16412 | Lair:1   | Found a dark tunnel.
 16412 | Lair:1   | Noticed Harold
 16417 | Lair:1   | Killed Harold
 16417 | Lair:1   | Reached **** piety under Dithmenos
 16417 | Lair:1   | Reached skill level 11 in Dodging
 16417 | Lair:1   | Reached skill level 13 in Hexes
 16519 | Volcano  | Entered a volcano
 16643 | Volcano  | Noticed a two-headed ogre
 16671 | Volcano  | Killed a two-headed ogre
 16948 | Volcano  | Reached skill level 14 in Stealth
 16950 | Volcano  | Reached skill level 7 in Fighting
 17144 | Volcano  | Reached skill level 1 in Invocations
 17263 | Volcano  | Noticed a two-headed ogre
 17334 | Volcano  | Killed a two-headed ogre
 17334 | Volcano  | Reached skill level 2 in Invocations
 17546 | Volcano  | Noticed a fire dragon
 17546 | Volcano  | grisnicke: @?fire dragon
 17546 | Volcano  | grisnicke: @??fire dragon
 17573 | Volcano  | Gained mutation: Your thick and shaggy fur keeps you warm. (AC +3, rC+) [Felid growth]
 17573 | Volcano  | Reached XP level 12. HP: 54/54 MP: 17/17
 17636 | Volcano  | Killed a fire dragon
 17689 | Lair:1   | Reached skill level 12 in Dodging
 17696 | Lair:1   | Noticed a seven-headed hydra
 17707 | Lair:1   | Killed a seven-headed hydra
 17707 | Lair:1   | Reached skill level 14 in Hexes
 17841 | Lair:1   | Noticed a six-headed hydra
 18060 | Lair:1   | Reached skill level 4 in Spellcasting
 18102 | Lair:1   | Reached skill level 7 in Unarmed Combat
 18953 | Lair:2   | Reached skill level 15 in Stealth
 19107 | Lair:2   | Reached skill level 5 in Spellcasting
 19322 | Lair:2   | Found a labyrinth entrance.
 19329 | Lab      | Entered a labyrinth
 19386 | Lab      | Reached skill level 13 in Dodging
 19541 | Lab      | Noticed a minotaur
 19544 | Lab      | Killed a minotaur
 19582 | Lair:2   | Found a staircase to the Shoals.
 20185 | Lair:3   | Noticed a six-headed hydra
 20185 | Lair:3   | Noticed a four-headed hydra
 21059 | Lair:3   | Reached XP level 13. HP: 58/58 MP: 19/22
 21125 | Lair:3   | Found a hole to the Spider Nest.
 21139 | Lair:3   | Reached skill level 8 in Fighting
 21139 | Lair:3   | Reached skill level 6 in Spellcasting
 21578 | Lair:4   | Reached ***** piety under Dithmenos
 21578 | Lair:4   | Reached skill level 16 in Stealth
 21784 | Lair:4   | Noticed Urug
 21787 | Lair:4   | Killed Urug
 21881 | Lair:4   | Reached skill level 3 in Invocations
 22887 | Lair:6   | Entered Level 6 of the Lair of Beasts
 22907 | Lair:6   | Found a staircase to the Slime Pits.
 22963 | Lair:6   | Reached skill level 4 in Invocations
 23222 | Lair:5   | Reached skill level 14 in Dodging
 23567 | Lair:6   | Reached skill level 5 in Invocations
 23723 | Lair:6   | Reached skill level 8 in Unarmed Combat
 23795 | Lair:6   | Reached skill level 9 in Fighting
 23818 | Lair:6   | Upgraded the game from 0.22-a0-181-gb22368a to 0.22-a0-185-ge330310
 24027 | Lair:6   | Noticed Syneil's ghost (journeyman DDFi)
 24194 | Orc:1    | Entered Level 1 of the Orcish Mines
 24993 | Orc:2    | Entered Level 2 of the Orcish Mines
 24996 | Orc:2    | Found Fiw Fimi's General Store.
 24999 | Orc:2    | Bought a scroll of identify for 26 gold pieces
 25062 | Orc:2    | Found a staircase to the Elven Halls.
 25075 | Orc:2    | Found Potiol's Magic Scroll Emporium.
 25085 | Orc:2    | Bought a scroll of amnesia for 56 gold pieces
 25085 | Orc:2    | Bought a scroll of fear for 56 gold pieces
 25085 | Orc:2    | Bought a scroll of fog for 32 gold pieces
 25085 | Orc:2    | Bought a scroll of vulnerability for 120 gold pieces
 25085 | Orc:2    | Bought a scroll of enchant weapon for 120 gold pieces
 25085 | Orc:2    | Bought a scroll of identify for 32 gold pieces
 25109 | Orc:2    | Found a roughly hewn altar of Beogh.
 25237 | Orc:2    | Found Wuilit's General Store.
 25459 | Orc:2    | Reached ****** piety under Dithmenos
 25541 | Orc:2    | Reached skill level 6 in Invocations
 25616 | Orc:2    | Found Laom's Armour Emporium.
 25713 | Orc:2    | Found a roughly hewn altar of Beogh.
 25780 | Orc:2    | Found a roughly hewn altar of Beogh.
 25925 | Orc:2    | Found Olephes's Gadget Shoppe.
 25989 | Orc:2    | Found a roughly hewn altar of Beogh.
 26119 | Orc:2    | Found a roughly hewn altar of Beogh.
 26279 | Orc:2    | Noticed an orc warlord
 26279 | Orc:2    | Found Vowkuot's Antique Weapon Boutique.
 26279 | Orc:2    | Found Lotev's Antique Armour Shop.
 26279 | Orc:2    | Found a roughly hewn altar of Beogh.
 26717 | Orc:2    | Killed an orc warlord
 27023 | Orc:2    | Bought a scroll of acquirement for 676 gold pieces
 27094 | D:11     | Found Iwkycw Besch's General Store.
 27283 | D:11     | Reached XP level 14. HP: 64/64 MP: 16/24
 27397 | D:11     | Found a roughly hewn altar of Beogh.
 27402 | D:11     | Reached skill level 7 in Invocations
 27878 | D:12     | Found a runed door.
 27991 | D:12     | Reached skill level 9 in Unarmed Combat
 28680 | D:13     | Reached skill level 8 in Invocations
 28838 | D:13     | Reached skill level 15 in Dodging
 29144 | D:13     | Reached skill level 10 in Fighting
 30180 | D:12     | Learned a level 3 spell: Dazzling Spray
 31359 | D:13     | grisnicke: @?skeletal warrior
 31359 | D:13     | beem: skeletal warrior (z)
                  | Spd:
    10 | HD: 10   | HP: 49-77
                  | AC/EV: 15/10
                  | Dam: 25
                  | undead, weapons, items, doors, fighter, evil, unbreathing
                  | Res: magic(100), cold, poison+++, drown, rot+++, neg+++, torm
                  | Vul: holy
                  | XP:
   769 | Sz: Medium | Int: human.
 31411 | D:13     | Reached skill level 9 in Invocations
 31411 | D:13     | Reached skill level 1 in Evocations
 31580 | D:14     | Noticed Erica
 31581 | D:14     | Noticed Louise
 31582 | D:14     | Killed Erica
 31584 | D:14     | Killed Louise
 31584 | D:14     | Reached skill level 2 in Evocations
 32193 | D:14     | Reached skill level 3 in Evocations
 32314 | D:14     | Reached skill level 10 in Unarmed Combat
 32314 | D:14     | Reached skill level 10 in Invocations
 32507 | D:14     | Learned a level 6 spell: Statue Form
 32577 | D:14     | Found a gate to the Vaults.
 32694 | D:15     | Entered Level 15 of the Dungeon
 32876 | D:15     | Reached skill level 1 in Transmutations
 32876 | D:15     | Reached skill level 1 in Earth Magic
 32884 | D:15     | Found Meusuu Dufell's Antique Weapon Shop.
 32889 | D:15     | Reached XP level 15. HP: 69/69 MP: 18/25
 32921 | D:15     | Reached skill level 2 in Transmutations
 32994 | D:15     | Found a staircase to the Depths.
 32997 | D:15     | Reached skill level 4 in Evocations
 33020 | D:15     | Reached skill level 2 in Earth Magic
 33054 | D:15     | HP: 5/69 [vampire mage/bolt of negative energy (35)]
 33701 | D:15     | Noticed Roxanne
 33745 | D:15     | Reached skill level 3 in Transmutations
 33929 | D:15     | Reached skill level 3 in Earth Magic
 34049 | D:15     | Reached skill level 4 in Transmutations
 34658 | Spider:1 | Entered Level 1 of the Spider Nest
 34736 | Lair:3   | Reached skill level 5 in Transmutations
 34736 | Lair:3   | Reached skill level 4 in Earth Magic
 34898 | Spider:1 | HP: 7/69 [disintegration (30)]
 35498 | Spider:1 | Reached skill level 6 in Transmutations
 35532 | Spider:1 | Reached skill level 5 in Earth Magic
 36367 | Spider:2 | Reached skill level 7 in Transmutations
 36471 | Spider:2 | Reached skill level 11 in Invocations
 36742 | Spider:3 | Reached skill level 6 in Earth Magic
 37949 | Spider:3 | Reached skill level 8 in Transmutations
 38118 | Spider:4 | Entered Level 4 of the Spider Nest
 38637 | Spider:4 | Reached XP level 16. HP: 60/73 MP: 18/26
 38757 | Spider:4 | Reached skill level 7 in Earth Magic
 39881 | Spider:4 | Reached skill level 9 in Transmutations
 40536 | Spider:4 | Reached skill level 7 in Spellcasting
 40964 | Spider:4 | Reached skill level 8 in Earth Magic
 41341 | Spider:4 | Got a gossamer rune of Zot
 41556 | Shoals:1 | Entered Level 1 of the Shoals
 41784 | Shoals:1 | Reached skill level 10 in Transmutations
 42609 | Shoals:1 | Reached skill level 8 in Spellcasting
 42716 | Shoals:1 | Learned a level 5 spell: Borgnjor's Vile Clutch
 42893 | Shoals:1 | Reached skill level 9 in Earth Magic
 43017 | Shoals:1 | Upgraded the game from 0.22-a0-185-ge330310 to 0.22-a0-192-g6ffc940
 43216 | Shoals:1 | HP: 13/73 [cyclops (11)]
 43625 | Shoals:1 | Reached skill level 11 in Transmutations
 43941 | Shoals:3 | Noticed Bai Suzhen
 44059 | Shoals:2 | Noticed Polyphemus
 44063 | Shoals:2 | HP: 10/73 [Polyphemus/catoblepas (22)]
 44083 | Shoals:2 | Noticed Aizul
 45011 | Lair:6   | Reached skill level 10 in Earth Magic
 45019 | Lair:6   | Reached XP level 17. HP: 63/76 MP: 13/30
 45174 | Lair:6   | Reached skill level 1 in Necromancy
 45329 | Lair:6   | Killed Syneil's ghost
 45417 | Lair:5   | Reached skill level 2 in Necromancy
 46082 | Lair:6   | Reached skill level 3 in Necromancy
 46082 | Lair:6   | Reached skill level 12 in Transmutations
 46768 | D:3      | Gained mutation: You are agile. (Dex +2) [potion of mutation]
 46768 | D:3      | Gained mutation: You possess an exceptional clarity of mind. [potion of mutation]
 46768 | D:3      | Lost mutation: You possess an exceptional clarity of mind. [potion of mutation]
 46768 | D:3      | Gained mutation: You have an increased reservoir of magic. (+10% MP) [potion of mutation]
 46769 | D:3      | Lost mutation: You are agile. (Dex +2) [potion of mutation]
 46769 | D:3      | Lost mutation: You have an increased reservoir of magic. (+10% MP) [potion of mutation]
 46769 | D:3      | Gained mutation: Your muscles are strong. (Str +2) [potion of mutation]
 46769 | D:3      | Gained mutation: Your spells are a little harder to cast, but a little more powerful. [potion of mutation]
 46769 | D:3      | Gained mutation: You possess an exceptional clarity of mind. [potion of mutation]
 46769 | D:3      | Gained mutation: You are agile. (Dex +2) [potion of mutation]
 46834 | D:7      | Killed Prince Ribbit
 47919 | D:14     | Reached skill level 4 in Necromancy
 48425 | D:15     | Learned a level 5 spell: Silence
 48522 | D:11     | Killed Erolcha
 49235 | Shoals:2 | Reached skill level 5 in Necromancy
 50048 | Shoals:2 | HP: 9/100 [catoblepas[Polyphemus] (19)]
 50525 | Shoals:2 | Killed Aizul
 51440 | Shoals:2 | Killed Polyphemus
 51561 | Shoals:3 | Reached skill level 11 in Fighting
 51757 | Shoals:3 | Reached skill level 6 in Necromancy
 51955 | Shoals:4 | Entered Level 4 of the Shoals
 52059 | Shoals:4 | HP: 12/77 [merfolk impaler/demon trident of freezing (10)]
 52070 | Shoals:4 | HP: 1/77 [sea snake (12)]
 52433 | Shoals:4 | Found Ewuret's Distillery.
 52455 | Shoals:4 | Found Fomyju Ufino's Food Boutique.
 52455 | Shoals:4 | Noticed a kraken
 52458 | Shoals:4 | Bought a potion of might for 84 gold pieces
 52458 | Shoals:4 | Bought a potion of agility for 84 gold pieces
 52458 | Shoals:4 | Bought a potion of might for 84 gold pieces
 52458 | Shoals:4 | Bought a potion of curing for 63 gold pieces
 52458 | Shoals:4 | Bought a potion of magic for 168 gold pieces
 52458 | Shoals:4 | Bought a potion of mutation for 168 gold pieces
 52458 | Shoals:4 | Bought a potion of agility for 84 gold pieces
 52458 | Shoals:4 | Bought a potion of haste for 210 gold pieces
 52458 | Shoals:4 | Bought a potion of flight for 63 gold pieces
 52458 | Shoals:4 | Bought a potion of resistance for 210 gold pieces
 52458 | Shoals:4 | Bought 2 potions of curing for 126 gold pieces
 52741 | Shoals:3 | Reached skill level 9 in Spellcasting
 52896 | Shoals:3 | Reached skill level 12 in Invocations
 53680 | Shoals:4 | Got a barnacled rune of Zot
 53788 | Shoals:4 | Found Irymas's Food Shoppe.
 53824 | Shoals:4 | Noticed Ilsuiw
 54097 | Vaults:1 | Entered Level 1 of the Vaults
 54697 | Vaults:1 | Reached XP level 18. HP: 63/83 MP: 24/32
 55065 | Vaults:1 | Reached skill level 10 in Spellcasting
 55709 | Vaults:1 | Reached skill level 12 in Fighting
 56719 | Vaults:1 | Upgraded the game from 0.22-a0-192-g6ffc940 to 0.22-a0-246-gdc04c06
 57346 | Vaults:2 | Reached skill level 11 in Earth Magic
 58280 | Vaults:2 | Reached skill level 16 in Dodging
 59136 | Vaults:2 | Reached skill level 11 in Unarmed Combat
 60972 | Vaults:3 | HP: 20/110 [phantasmal warrior[a death knight] (9)]
 60978 | Vaults:3 | Slain by a phantasmal warrior
 60979 | Vaults:3 | Reached XP level 17. HP: -4/105 MP: 0/32
 61369 | Vaults:3 | Reached skill level 12 in Earth Magic
 61975 | Vaults:3 | Reached XP level 18. HP: 85/85 MP: 33/33
 62331 | Vaults:3 | Reached skill level 13 in Fighting
 62349 | Vaults:3 | Got a scintillating turquoise ring
 62350 | Vaults:3 | Identified the ring "Opleoh" {MR+ Int+2 Stlth+} (You acquired it on level 3 of the Vaults)
 62372 | Vaults:3 | Found a shimmering altar of Xom.
 62537 | Vaults:4 | Found Esorphuf's Food Emporium.
 63298 | Vaults:4 | Learned a level 6 spell: Shadow Creatures
 63320 | Vaults:4 | Reached skill level 1 in Summonings
 63599 | Vaults:4 | Reached skill level 17 in Dodging
 63601 | Vaults:4 | Paralysed by the power of Zot for 4 turns
 63608 | Vaults:4 | Reached skill level 2 in Summonings
 63974 | Vaults:4 | Upgraded the game from 0.22-a0-246-gdc04c06 to 0.22-a0-247-gbddf880
 64090 | Vaults:4 | Reached skill level 3 in Summonings
 64188 | Vaults:4 | Reached skill level 12 in Unarmed Combat
 64352 | Vaults:4 | Reached skill level 4 in Summonings
 65108 | Elf:1    | Entered Level 1 of the Elven Halls
 65339 | Elf:1    | Found an ancient bone altar of Kikubaaqudgha.
 65347 | Elf:1    | Reached skill level 5 in Summonings
 65653 | Elf:1    | Identified Bobras's Guide on Evil Rites
 66281 | Elf:2    | Reached skill level 6 in Summonings
 66398 | Elf:2    | Found a runed gate.
 66398 | Elf:2    | Found a runed gate.
 66401 | Elf:2    | Found a runed gate.
 66542 | Elf:2    | Reached XP level 19. HP: 73/90 MP: 18/34
 66677 | Elf:3    | Entered Level 3 of the Elven Halls
 66809 | Elf:3    | Learned a level 1 spell: Confusing Touch
 66811 | Elf:3    | Learned a level 1 spell: Apportation
 67297 | Elf:3    | Reached skill level 11 in Spellcasting
 67420 | Elf:3    | Reached skill level 1 in Translocations
 67469 | Elf:3    | Reached skill level 7 in Summonings
 67586 | Elf:3    | Reached skill level 2 in Translocations
 67665 | Elf:3    | Reached skill level 3 in Translocations
 67669 | Elf:3    | Noticed Saint Roka
 67945 | Elf:3    | Reached skill level 14 in Fighting
 68060 | Elf:3    | Reached skill level 18 in Dodging
 68067 | Elf:3    | Reached skill level 8 in Summonings
 68379 | Elf:3    | Got a clouded platinum ring
 68384 | Elf:3    | Identified the ring of Pipu {rElec rF+ rN+++} (You took it off a deep elf elementalist on level 3 of the Elven Halls)
 68973 | Elf:3    | Killed Saint Roka
 68977 | Elf:3    | HP: 28/118 [glaive of venom (9)]
 69377 | Elf:3    | Reached skill level 9 in Summonings
 69464 | Elf:3    | Identified the Handbook of Floating Venom
 69686 | Orc:2    | Bought a scroll of teleportation for 48 gold pieces
 69686 | Orc:2    | Bought a scroll of teleportation for 48 gold pieces
 69686 | Orc:2    | Bought a scroll of teleportation for 48 gold pieces
 69702 | Orc:2    | Bought a potion of resistance for 120 gold pieces
 69702 | Orc:2    | Bought a scroll of blinking for 90 gold pieces
 69702 | Orc:2    | Bought a wand of acid (11) for 360 gold pieces
 69702 | Orc:2    | Bought a wand of iceblast (5) for 108 gold pieces
 69721 | Orc:2    | Bought a potion of haste for 130 gold pieces
 69721 | Orc:2    | Bought a potion of curing for 39 gold pieces
 69735 | Orc:2    | Bought a sack of spiders for 300 gold pieces
 69735 | Orc:2    | Bought a wand of digging (16) for 600 gold pieces
 69735 | Orc:2    | Bought a wand of scattershot (4) for 360 gold pieces
 69735 | Orc:2    | Bought a wand of iceblast (14) for 270 gold pieces
 69900 | Depths:1 | Entered Level 1 of the Depths
 70585 | Depths:1 | Found a gateway to Hell.
 70703 | Depths:1 | Found a large runed door.
 70706 | Depths:1 | Found a large runed door.
 70708 | Depths:1 | Found a large runed door.
 70709 | Depths:1 | Found a large runed door.
 70709 | Depths:1 | Found a large runed door.
 70711 | Depths:1 | Found a large runed door.
 70712 | Depths:1 | Found a large runed door.
 70712 | Depths:1 | Found a large runed door.
 70777 | Depths:1 | Reached skill level 10 in Summonings
 70804 | Depths:1 | Reached XP level 20. HP: 96/96 MP: 32/36
 70823 | Depths:1 | Found a portal to a secret trove of treasure.
 70850 | Depths:1 | Learned a level 2 spell: Blink
 71034 | Depths:1 | Noticed an ancient lich
 71046 | Depths:1 | Killed an ancient lich
 71046 | Depths:1 | Reached skill level 12 in Spellcasting
 71276 | Depths:1 | Identified the Volume of Dark Rites
 71404 | Depths:1 | Found a huge runed gate.
 71404 | Depths:1 | Found a huge runed gate.
 71404 | Depths:1 | Found a huge runed gate.
 71404 | Depths:1 | Found a huge runed gate.
 71405 | Depths:1 | Found a huge runed gate.
 71405 | Depths:1 | Found a huge runed gate.
 71405 | Depths:1 | Found a huge runed gate.
 71405 | Depths:1 | Found a huge runed gate.
 71412 | Depths:1 | Found a huge runed gate.
 71412 | Depths:1 | Found a huge runed gate.
 71412 | Depths:1 | Found a huge runed gate.
 71412 | Depths:1 | Found a huge runed gate.
 71412 | Depths:1 | Found a huge runed gate.
 71413 | Depths:1 | Found a huge runed gate.
 71415 | Depths:1 | Found a huge runed gate.
 71416 | Depths:1 | Found a huge runed gate.
 71417 | Depths:1 | Found a huge runed gate.
 71425 | Depths:1 | Found a huge runed gate.
 71425 | Depths:1 | Found a huge runed gate.
 71425 | Depths:1 | Found a huge runed gate.
 71425 | Depths:1 | Found a huge runed gate.
 71425 | Depths:1 | Found a huge runed gate.
 71425 | Depths:1 | Found a huge runed gate.
 71464 | Depths:1 | Found a huge runed gate.
 71464 | Depths:1 | Found a huge runed gate.
 71464 | Depths:1 | Found a huge runed gate.
 71464 | Depths:1 | Found a huge runed gate.
 71465 | Depths:1 | Found a huge runed gate.
 71468 | Depths:1 | Found a huge runed gate.
 71468 | Depths:1 | Found a huge runed gate.
 71564 | Depths:1 | Found a huge runed gate.
 71564 | Depths:1 | Found a huge runed gate.
 71565 | Depths:1 | Found a huge runed gate.
 71719 | Depths:1 | Reached skill level 11 in Summonings
 71936 | Depths:2 | Found Jovvimo's Antique Weapon Emporium.
 71973 | Depths:1 | Reached skill level 19 in Dodging
 72181 | Depths:2 | HP: 12/96 [ogre/giant spiked club (28)]
 72202 | Depths:2 | Found Lifukh's Distillery.
 72517 | Depths:2 | Bought a potion of heal wounds for 75 gold pieces
 72517 | Depths:2 | Bought a potion of heal wounds for 75 gold pieces
 72606 | Depths:2 | Found Ocvinops's Armour Boutique.
 72634 | Depths:2 | Reached skill level 15 in Fighting
 73502 | Depths:2 | Found a runed door.
 73502 | Depths:2 | Noticed a caustic shrike
 73539 | Depths:3 | Noticed Mara
 73548 | Depths:2 | Killed Mara
 73548 | Depths:2 | Reached skill level 12 in Summonings
 73618 | Depths:3 | HP: 17/97 [fire dragon (9)]
 73625 | Depths:3 | HP: 10/97 [rakshasa (illusionary)/trident of venom (19)]
 73626 | Depths:3 | HP: 2/97 [poisoned by a rakshasa]
 73635 | Depths:3 | HP: 21/97 [rakshasa (illusionary)/trident of venom (10)]
 73635 | Depths:3 | Killed from afar by a fire dragon
 73636 | Depths:3 | Reached XP level 19. HP: 0/93 MP: 0/36
 73896 | Depths:3 | Learned a level 3 spell: Regeneration
 74492 | Depths:3 | Found a one-way gate leading to the halls of Pandemonium.
 74581 | Depths:3 | Found a gateway to a bazaar.
 74723 | Depths:3 | Reached XP level 20. HP: 97/97 MP: 26/37
 75370 | Depths:3 | Noticed a juggernaut
 75372 | Depths:3 | Killed a juggernaut
 75488 | Depths:3 | Found the +5 robe of Night {Dark MR+ SInv}
 75499 | Depths:3 | Reached skill level 13 in Summonings
 76115 | Depths:3 | Found the +2 pair of boots of the Assassin {Detection Stab+ Stlth++}
 76115 | Depths:3 | Found a shadowy altar of Dithmenos.
 76600 | Depths:4 | Reached skill level 20 in Dodging
 76630 | Depths:4 | Reached skill level 13 in Earth Magic
 77065 | Depths:4 | Found Tenenioh's Antique Weapon Shop.
 77084 | Depths:4 | Noticed a golden dragon
 77112 | Depths:4 | Noticed a caustic shrike
 77118 | Depths:4 | Killed a caustic shrike
 77128 | Depths:4 | Killed a golden dragon
 77316 | Depths:4 | Found a one-way gate to the infinite horrors of the Abyss.
 77403 | Depths:4 | Lost mutation: You are agile. (Dex +2) [a cacodemon]
 77406 | Depths:4 | Reached skill level 13 in Spellcasting
 77492 | Depths:4 | Reached skill level 16 in Fighting
 78000 | Depths:4 | Noticed a juggernaut
 78019 | Depths:4 | Killed a juggernaut
 78019 | Depths:4 | Reached XP level 21. HP: 96/102 MP: 13/39
 78148 | Depths:4 | Noticed a juggernaut
 78170 | Depths:4 | Killed a juggernaut
 78170 | Depths:4 | Reached skill level 15 in Hexes
 78535 | Depths:4 | Reached skill level 1 in Charms
 78818 | Depths:5 | Entered Level 5 of the Depths
 78818 | Depths:5 | Noticed a golden dragon
 78819 | Depths:5 | Killed a golden dragon
 78937 | Depths:4 | Learned a level 5 spell: Summon Mana Viper
 78961 | Depths:4 | Reached skill level 2 in Charms
 79071 | Depths:5 | Noticed a juggernaut
 79090 | Depths:4 | Killed a juggernaut
 79379 | Depths:5 | Reached skill level 13 in Unarmed Combat
 79734 | Depths:5 | Reached skill level 3 in Charms
 80109 | Depths:5 | HP: 17/103 [deep troll earth mage (12)]
 80456 | Depths:5 | Reached skill level 4 in Charms
 80626 | Depths:5 | Reached skill level 7 in Necromancy
 80710 | Depths:5 | Found a gateway to a ziggurat.
 80764 | Depths:5 | Noticed a golden dragon
 80786 | Depths:5 | Killed a golden dragon
 81411 | Depths:5 | Reached skill level 21 in Dodging
 81444 | Depths:5 | Found a gate to the Realm of Zot.
 81765 | Bazaar   | Entered a bazaar
 81765 | Bazaar   | Found Epiateu's Antique Armour Shoppe.
 81765 | Bazaar   | Found Uclo's Antique Armour Emporium.
 81767 | Bazaar   | Found Leegg's Weapon Shoppe.
 81785 | Bazaar   | Found Weoni's Assorted Antiques.
 82228 | D:11     | Bought a potion of haste for 170 gold pieces
 82228 | D:11     | Bought a scroll of teleportation for 51 gold pieces
 82377 | D:15     | Killed Roxanne
 82378 | D:15     | Identified Roxanne's Handbook of Clay (You took it off Roxanne on level 15 of the Dungeon)
 82519 | Depths:4 | Voluntarily entered the Abyss.
 82769 | Abyss:3  | Found a corrupted altar of Lugonu.
 82790 | Abyss:3  | Got an abyssal rune of Zot
 82845 | Depths:4 | Escaped the Abyss
 82924 | Zot:1    | Entered Level 1 of the Realm of Zot
 83005 | Zot:1    | Reached XP level 22. HP: 108/108 MP: 20/40
 83249 | Zot:1    | Reached skill level 14 in Spellcasting
 83666 | Zot:1    | Learned a level 2 spell: Passwall
 83711 | Zot:1    | Reached skill level 8 in Necromancy
 84546 | Zot:2    | Noticed a golden dragon
 84548 | Zot:2    | Killed a golden dragon
 84548 | Zot:2    | Reached skill level 17 in Fighting
 85243 | Zot:2    | Found a stormy altar of Qazlal.
 85284 | Zot:2    | Reached skill level 14 in Unarmed Combat
 86047 | Zot:2    | Identified the Catalogue of Fire and Brimstone
 86057 | Zot:2    | Identified the Catalogue of the Zealot
 86094 | Zot:2    | Reached skill level 15 in Spellcasting
 86655 | Zot:3    | Noticed a golden dragon
 86661 | Zot:3    | Killed a golden dragon
 86948 | Zot:3    | Reached XP level 23. HP: 114/114 MP: 43/43
 87084 | Zot:3    | Reached skill level 18 in Fighting
 87108 | Zot:3    | Reached skill level 22 in Dodging
 87725 | Zot:4    | Noticed a Killer Klown
 87731 | Zot:4    | Killed a Killer Klown
 87864 | Zot:3    | Learned a level 5 spell: Lee's Rapid Deconstruction
 88624 | Zot:5    | Entered Level 5 of the Realm of Zot
 88867 | Zot:4    | Reached skill level 15 in Unarmed Combat
 89111 | Zot:5    | Noticed an ancient lich
 89243 | Zot:5    | Killed an ancient lich
 89401 | Zot:5    | HP: 26/115 [storm dragon (4)]
 89424 | Zot:5    | Noticed an ancient lich
 89917 | Zot:5    | Killed an ancient lich
 89917 | Zot:5    | Reached skill level 19 in Fighting
 90059 | Zot:5    | Noticed a Killer Klown
 90078 | Zot:5    | Killed a Killer Klown
 90080 | Zot:5    | Noticed an ancient lich
 90085 | Zot:5    | Killed an ancient lich
 90318 | Zot:5    | Noticed an ancient lich
 90329 | Zot:5    | Reached skill level 23 in Dodging
 90330 | Zot:5    | Killed an ancient lich
 90330 | Zot:5    | Reached XP level 24. HP: 105/121 MP: 8/43
 90343 | Zot:5    | HP: 35/157 [Orb Guardian (21)]
 91106 | Zot:5    | Noticed an orb of fire
 91111 | Zot:5    | Lost mutation: Your muscles are strong. (Str +2) [an orb of fire]
 91125 | Zot:5    | Gained mutation: You are frail. (-10% HP) [an orb of fire]
 91126 | Zot:5    | Killed an orb of fire
 91333 | Zot:5    | Noticed an orb of fire
 91353 | Zot:5    | Killed an orb of fire
 91526 | Zot:5    | Noticed an orb of fire
 91541 | Zot:5    | Gained mutation: You are occasionally teleported next to monsters. [an orb of fire]
 91554 | Zot:5    | Killed an orb of fire
 91557 | Zot:5    | Reached skill level 20 in Fighting
 91560 | Zot:5    | Noticed an orb of fire
 91561 | Zot:5    | Gained mutation: You occasionally shout uncontrollably at your foes. [an orb of fire]
 91564 | Zot:5    | Gained mutation: You are very frail. (-20% HP) [an orb of fire]
 91565 | Zot:5    | Killed an orb of fire
 91565 | Zot:5    | Reached skill level 16 in Unarmed Combat
 91679 | Zot:4    | Lost mutation: You are occasionally teleported next to monsters. [potion of mutation]
 91679 | Zot:4    | Lost mutation: You are very frail. (-20% HP) [potion of mutation]
 91679 | Zot:4    | Lost mutation: You possess an exceptional clarity of mind. [potion of mutation]
 91679 | Zot:4    | Lost mutation: You occasionally shout uncontrollably at your foes. [potion of mutation]
 91679 | Zot:4    | Gained mutation: Your system is resistant to poisons. (rPois) [potion of mutation]
 94394 | Zot:5    | Got the Orb of Zot
 94631 | D:15     | Noticed Yfoiwk Zerek the pandemonium lord
 94640 | D:15     | HP: 19/110 [Yfoiwk Zerek the pandemonium lord (15)]
 94640 | D:15     | Mangled by Yfoiwk Zerek the pandemonium lord
 94641 | D:15     | Reached XP level 23. HP: -13/106 MP: 0/43
 94708 | D:13     | Noticed Teicru the pandemonium lord
 94995 | D:$      | Escaped with the Orb!

Vault maps used:
D:1:      minmay_arrival_shattered_statue
D:2:      nicolae_ru_sacrificial_ziggurat, first_ration, serial_undead,
          serial_undead_b, serial_undead_a, serial_undead_b, serial_undead_f,
          minmay_unequal, uniq_crazy_yiuf_cottage
D:4:      kennysheep_mini, minmay_temple_entry_statues_pillars, xom_teletrap_fun
D:5:      nicolae_overflow_crystal_walls, basic_altar
D:6:      overflow_temple_1_default, kennysheep_little_box, enter_ossuary_5
D:7:      gammafunk_temple_overflow_arena, minitemple, grunt_livestock,
          hangedman_decor_push, nicolae_elemental_shop, uniq_menkaure,
          uniq_prince_ribbit1
D:8:      kennysheep_spiral_hall
D:9:      grunt_dithmenos_smoke_and_mirrors, zombieorc2_lemuel, enter_bailey_2
D:10:     lair_entry_dummy
D:11:     serial_shops, shop, david_defended_altar_orc, uniq_erolcha
D:12:     cheibrodos_body_horror
D:14:     hangedman_vaults_entry_quadrant_bands, sword_in_stone
D:15:     gammafunk_depths_entry_grave, nicolae_two_hexagons, serial_shops,
          shop, uniq_roxanne
Temple:   nicolae_temple_hex_pool
Lair:1:   enter_volcano_1, uniq_harold
Lair:2:   dpeg_oklob_gauntlet, minmay_shoals_entry_centaurs, lab_entry_generic,
          grunt_megastairs_4, serial_bayou_shore_a
Lair:3:   spider_nest_entry_funnel_web, kennysheep_basilisk_garden
Lair:4:   grunt_forest_large_clearing_hut, infiniplex_staircase_pool, uniq_urug
Lair:6:   gammafunk_lair_ancient_temple, slime_dummy, eino_house_with_fridge
Shoals:1: cheibrodos_shoals_epimethial_gifts, uniq_louise
Shoals:2: uniq_polyphemus, uniq_aizul
Shoals:3: nicolae_shoals_drake_roost, uniq_bai_suzhen
Shoals:4: shoals_end_grunt_ice, shoals_ilsuiw_ice, serial_shops,
          nicolae_shop_behind_doors, shop_fountains, shop, shop, shop
Spider:1: spiders_nest_hornet_nest
Spider:2: nicolae_spider_circle_web
Spider:3: nicolae_spider_mines_1
Spider:4: grunt_spider_rune_parallel
Orc:2:    grunt_orc_community_town_hall, grunt_orc_community_big_house_1,
          grunt_orc_community_big_house_2, grunt_orc_community_house_2,
          grunt_orc_community_house_1, grunt_orc_community_house_3,
          grunt_orc_community_house_2, serial_shops, shop,
          nicolae_shop_behind_doors, shop, statue_in_the_mist_lemuel
Elf:1:    basic_altar, minmay_elf_necromancy, hangedman_decor_cross_pass
Elf:2:    uniq_nikola, uniq_jorgrun
Elf:3:    minmay_elf_hall_four_x, uniq_saint_roka
Vaults:1: hangedman_vaults_stream, v_misc_11, nicolae_vaults_specimen_jars,
          ontoclasm_vaults_fault
Vaults:2: hangedman_vaults_impose, v_misc_1, nicolae_vaults_arrows,
          ontoclasm_vaults_echo, nicolae_vaults_alarming, vaults_room_door_hall,
          v_pattern_1, v_misc_26, vaults_dpeg_ring
Vaults:3: ontoclasm_vaults_hangar, hangedman_vaults_snaps,
          grunt_vaults_trifunnel, grunt_vaults_bifocal, dpeg_vaults_monster_row,
          stair_cage_open, vaults_room_hallway, minmay_crypt_entry_necro_gods,
          nicolae_vaults_little_squares_3, nicolae_vaults_yaktaur_gun_rack,
          v_pattern_5, nicolae_vaults_network_periphery, vaults_room_semicircle,
          basic_altar
Vaults:4: v_misc_15, nicolae_vaults_statue_guard, vaults_room_door_ring,
          v_pattern_2, hangedman_vaults_maws, vaults_mumra_hex, v_misc_9,
          vaults_room_fours, vaults_dpeg_spiral, v_misc_5, serial_shops, shop
Depths:1: minmay_five_octagons, hell_entry, hangedman_decor_peaks_small,
          enter_trove_3, special_room, door_vault
Depths:2: minmay_gate_of_8, hell_entry, serial_shops, shop_fountains, shop,
          nicolae_shop_behind_doors, solitary_fountain
Depths:3: regret_index_dithmenos_brocken_genspenst, serial_shops,
          bzr_entry_gold, infiniplex_staircase_pillars_1, pf_coc_iceberg,
          grunt_pan_entry_in_and_out, hangedman_decor_lopped,
          kennysheep_random_hallway, uniq_mara
Depths:4: minmay_the_grid_octo_tiled_octocenter, rand_demon_pan_entry_4,
          abyss_entry_small_statue_room, hell_entry, nrook_pool_corridor,
          serial_shops, shop, kennysheep_generic_room_7,
          minmay_staircase_windowed_large
Depths:5: grunt_zot_entry_alcove, enter_ziggurat_e, abyss_entry, hell_entry,
          minmay_crystal_room
Zot:1:    grunt_ministairs_9, lemuel_flame_loot_1
Zot:2:    nicolae_zot_draconian_monastery
Zot:5:    st_stairs_14, stair_cage_wide
Abyss:2:  hangedman_cross_veins, evilmike_abyss_exit_glass
Abyss:3:  gammafunk_abyss_rune_reverse_zot
Lab:      labyrinth_skeletal_remains, nicolae_lab_very_dead_end
Bazaar:   bazaar_minmay_row
Volcano:  pf_volcano_lost_world

Skill      XL: |  1  2  3  4  5  6  7  8  9 10 11 12 13 14 15 16 17 18 19 20 21 22 23 24 |
---------------+-------------------------------------------------------------------------+-----
Dodging        | 3 4 5 6 8 10 11 13 14 15 17 18 20 21 23 | 23.8
Hexes          | 5 6 7 8 9 10 12 13 14 15 | 15.0
Stealth        | 5 6 7 8 10 11 13 14 15 16 | 16.0
Unarmed Combat | 2 3 5 6 7 8 10 12 13 14 15 16 | 16.5
Spellcasting   | 3 5 6 8 9 10 11 13 15 | 15.5
Ice Magic      | 1 2 |  2.0
Fighting       | 3 5 7 9 10 11 13 14 16 17 19 20 | 20.7
Invocations    | 2 6 10 11 12 | 12.0
Evocations     | 3 4 |  4.0
Transmutations | 1 8 11 12 | 12.0
Earth Magic    | 1 6 10 12 11 13 | 13.0
Necromancy     | 6 7 8 |  8.0
Summonings     | 6 10 13 | 13.0
Translocations | 3 |  3.0
Charms         | 4 |  4.0

Action                   |  1- 3 |  4- 6 |  7- 9 | 10-12 | 13-15 | 16-18 | 19-21 | 22-24 || total
-------------------------+-------+-------+-------+-------+-------+-------+-------+-------++-------
Melee: Unarmed           |   110 |   107 |   150 |   321 |   601 |  1281 |  1509 |   756 ||  4835
       Bite              |     6 |     5 |    14 |    24 |    34 |   144 |   185 |    71 ||   483
       Punch             |       |       |     1 |     5 |    18 |    46 |    90 |    36 ||   196
 Cast: Corona            |     8 |       |     7 |    13 |    26 |    50 |    31 |    27 ||   162
       Ensorcelled Hiber |    27 |    53 |    83 |   141 |   306 |   258 |    62 |    38 ||   968
       Confuse           |     9 |     9 |    20 |    44 |    98 |   160 |    85 |    50 ||   475
       Tukima's Dance    |       |       |     3 |    16 |    57 |    91 |    49 |    41 ||   257
       Dazzling Spray    |       |       |       |       |    42 |     6 |     1 |       ||    49
       Statue Form       |       |       |       |       |       |    48 |    84 |    49 ||   181
       Borgnjor's Vile C |       |       |       |       |       |    66 |    74 |    18 ||   158
       Regeneration      |       |       |       |       |       |       |     9 |    48 ||    57
       Shadow Creatures  |       |       |       |       |       |       |    19 |    32 ||    51
       Blink             |       |       |       |       |       |       |     5 |     2 ||     7
       Silence           |       |       |       |       |       |       |     2 |     2 ||     4
       Confusing Touch   |       |       |       |       |       |       |     1 |     1 ||     2
       Apportation       |       |       |       |       |       |       |     8 |    15 ||    23
       Summon Mana Viper |       |       |       |       |       |       |       |    31 ||    31
       Lee's Rapid Decon |       |       |       |       |       |       |       |     6 ||     6
       Passwall          |       |       |       |       |       |       |       |     2 ||     2
Invok: Shadow Step       |       |       |       |     2 |    13 |    10 |     3 |     3 ||    31
       Shadow Form       |       |       |       |       |       |     1 |     1 |       ||     2
 Abil: Evoke Flight      |       |       |       |     3 |       |       |       |       ||     3
       Stop Flying       |       |       |       |     1 |       |       |       |       ||     1
       Evoke Berserk Rag |       |       |       |       |       |     1 |       |       ||     1
       End Transformatio |       |       |       |       |       |       |     4 |     2 ||     6
Evoke: Wand              |       |     1 |       |    15 |    28 |    13 |     7 |     9 ||    73
       Lightning rod     |       |       |       |       |       |     1 |       |       ||     1
       Sack of spiders   |       |       |       |       |       |       |     1 |       ||     1
  Use: Scroll            |     4 |     9 |     1 |     3 |    18 |    11 |    11 |     7 ||    64
       Potion            |       |       |       |       |     2 |    11 |    11 |     9 ||    33
 Stab: Sleeping          |    34 |    48 |    66 |   132 |   347 |   294 |   100 |    57 ||  1078
       Distracted        |     2 |       |       |     5 |     4 |     6 |    21 |    13 ||    51
       Confused          |     1 |     4 |    12 |    31 |    67 |    94 |    42 |    34 ||   285
       Invisible         |       |       |       |       |     7 |    12 |       |       ||    19
       Petrified         |       |       |       |       |       |     2 |       |       ||     2
  Eat: Chunk             |    14 |    11 |    15 |    28 |    23 |    96 |    73 |    34 ||   294
       Ration            |       |       |       |       |       |     1 |       |     6 ||     7
Armor: Skin              |     4 |     5 |     2 |     1 |     5 |   161 |   349 |   211 ||   738
Dodge: Dodged            |    55 |    89 |    55 |   175 |   412 |  1463 |  2770 |  1366 ||  6385

Table legend:
 A = Spawn XP
 B = Non-spawn XP
 C = Spawn XP percentage of total XP
 D = Spawn monster count
 E = Non-spawn monster count
 F = Spawn count percentage of total count
 G = Total turns spent on level
                    A         B        C        D         E        F      G
               +---------+---------+-------+---------+---------+-------+---------
         Total |     754 | 1297517 |   0.1 |       1 |    2162 |   0.0 | 94995
               +---------+---------+-------+---------+---------+-------+---------
           D:1 |       0 |      51 |   0.0 |       0 |      29 |   0.0 |  1629
           D:2 |       0 |     158 |   0.0 |       0 |      38 |   0.0 |  2349
           D:3 |       0 |      83 |   0.0 |       0 |      16 |   0.0 |   710
           D:4 |       0 |      65 |   0.0 |       0 |       9 |   0.0 |   779
           D:5 |       0 |     348 |   0.0 |       0 |       9 |   0.0 |  1559
           D:6 |       0 |     564 |   0.0 |       0 |      15 |   0.0 |  1239
           D:7 |       0 |    2657 |   0.0 |       0 |      39 |   0.0 |  2323
           D:8 |       0 |    1455 |   0.0 |       0 |      21 |   0.0 |  1185
           D:9 |       0 |    3481 |   0.0 |       0 |      57 |   0.0 |  2948
          D:10 |       0 |    1392 |   0.0 |       0 |      30 |   0.0 |  1785
          D:11 |       0 |   10755 |   0.0 |       0 |      53 |   0.0 |  1311
          D:12 |       0 |    6082 |   0.0 |       0 |      27 |   0.0 |  1419
          D:13 |       0 |    8755 |   0.0 |       0 |      32 |   0.0 |  3817
          D:14 |       0 |   21833 |   0.0 |       0 |      78 |   0.0 |  2332
          D:15 |       0 |   21640 |   0.0 |       0 |      51 |   0.0 |  1745
        Lair:1 |       0 |    7263 |   0.0 |       0 |      22 |   0.0 |  1870
        Lair:2 |       0 |    4457 |   0.0 |       0 |      25 |   0.0 |  1597
        Lair:3 |       0 |    8881 |   0.0 |       0 |      25 |   0.0 |  1528
        Lair:4 |       0 |    6215 |   0.0 |       0 |      21 |   0.0 |   815
        Lair:5 |       0 |    4482 |   0.0 |       0 |      11 |   0.0 |  1810
        Lair:6 |       0 |   29113 |   0.0 |       0 |      94 |   0.0 |  2085
      Shoals:1 |       0 |   17964 |   0.0 |       0 |      30 |   0.0 |  2760
      Shoals:2 |       0 |   21449 |   0.0 |       0 |      37 |   0.0 |  3380
      Shoals:3 |       0 |   10529 |   0.0 |       0 |      26 |   0.0 |  1332
      Shoals:4 |       0 |   13887 |   0.0 |       0 |      31 |   0.0 |   620
      Spider:1 |       0 |   14223 |   0.0 |       0 |      38 |   0.0 |  1030
      Spider:2 |       0 |    8033 |   0.0 |       0 |      29 |   0.0 |   766
      Spider:3 |       0 |   10589 |   0.0 |       0 |      29 |   0.0 |  1488
      Spider:4 |       0 |   32231 |   0.0 |       0 |      78 |   0.0 |  3357
         Orc:1 |       0 |    1961 |   0.0 |       0 |      32 |   0.0 |   846
         Orc:2 |       0 |    5852 |   0.0 |       0 |      95 |   0.0 |  2167
         Elf:1 |       0 |   18120 |   0.0 |       0 |      35 |   0.0 |   948
         Elf:2 |       0 |   13472 |   0.0 |       0 |      23 |   0.0 |   664
         Elf:3 |       0 |   67461 |   0.0 |       0 |      71 |   0.0 |  2952
      Vaults:1 |       0 |   40997 |   0.0 |       0 |      89 |   0.0 |  2729
      Vaults:2 |       0 |   39343 |   0.0 |       0 |      64 |   0.0 |  3328
      Vaults:3 |       0 |   24402 |   0.0 |       0 |      50 |   0.0 |  2243
      Vaults:4 |       0 |   43622 |   0.0 |       0 |      67 |   0.0 |  2100
      Depths:1 |       0 |   68996 |   0.0 |       0 |      80 |   0.0 |  2549
      Depths:2 |       0 |   43565 |   0.0 |       0 |      55 |   0.0 |  1506
      Depths:3 |       0 |   73159 |   0.0 |       0 |      95 |   0.0 |  2637
      Depths:4 |       0 |  115889 |   0.0 |       0 |      91 |   0.0 |  3466
      Depths:5 |       0 |   56251 |   0.0 |       0 |      56 |   0.0 |  1975
         Zot:1 |       0 |   45428 |   0.0 |       0 |      31 |   0.0 |  1527
         Zot:2 |       0 |   63738 |   0.0 |       0 |      43 |   0.0 |  1693
         Zot:3 |       0 |   49071 |   0.0 |       0 |      37 |   0.0 |  1370
         Zot:4 |       0 |   48431 |   0.0 |       0 |      34 |   0.0 |  2052
         Zot:5 |       0 |  197722 |   0.0 |       0 |      76 |   0.0 |  4842
       Abyss:2 |     754 |    1318 |  36.4 |       1 |       4 |  20.0 |    76
           Lab |       0 |    1759 |   0.0 |       0 |       3 |   0.0 |   223
       Volcano |       0 |    8325 |   0.0 |       0 |      31 |   0.0 |  1150
               +---------+---------+-------+---------+---------+-------+---------

Vault maps used:
D:1:      minmay_arrival_shattered_statue
D:2:      nicolae_ru_sacrificial_ziggurat, first_ration, serial_undead,
          serial_undead_b, serial_undead_a, serial_undead_b, serial_undead_f,
          minmay_unequal, uniq_crazy_yiuf_cottage
D:4:      kennysheep_mini, minmay_temple_entry_statues_pillars, xom_teletrap_fun
D:5:      nicolae_overflow_crystal_walls, basic_altar
D:6:      overflow_temple_1_default, kennysheep_little_box, enter_ossuary_5
D:7:      gammafunk_temple_overflow_arena, minitemple, grunt_livestock,
          hangedman_decor_push, nicolae_elemental_shop, uniq_menkaure,
          uniq_prince_ribbit1
D:8:      kennysheep_spiral_hall
D:9:      grunt_dithmenos_smoke_and_mirrors, zombieorc2_lemuel, enter_bailey_2
D:10:     lair_entry_dummy
D:11:     serial_shops, shop, david_defended_altar_orc, uniq_erolcha
D:12:     cheibrodos_body_horror
D:14:     hangedman_vaults_entry_quadrant_bands, sword_in_stone
D:15:     gammafunk_depths_entry_grave, nicolae_two_hexagons, serial_shops,
          shop, uniq_roxanne
Temple:   nicolae_temple_hex_pool
Lair:1:   enter_volcano_1, uniq_harold
Lair:2:   dpeg_oklob_gauntlet, minmay_shoals_entry_centaurs, lab_entry_generic,
          grunt_megastairs_4, serial_bayou_shore_a
Lair:3:   spider_nest_entry_funnel_web, kennysheep_basilisk_garden
Lair:4:   grunt_forest_large_clearing_hut, infiniplex_staircase_pool, uniq_urug
Lair:6:   gammafunk_lair_ancient_temple, slime_dummy, eino_house_with_fridge
Shoals:1: cheibrodos_shoals_epimethial_gifts, uniq_louise
Shoals:2: uniq_polyphemus, uniq_aizul
Shoals:3: nicolae_shoals_drake_roost, uniq_bai_suzhen
Shoals:4: shoals_end_grunt_ice, shoals_ilsuiw_ice, serial_shops,
          nicolae_shop_behind_doors, shop_fountains, shop, shop, shop
Spider:1: spiders_nest_hornet_nest
Spider:2: nicolae_spider_circle_web
Spider:3: nicolae_spider_mines_1
Spider:4: grunt_spider_rune_parallel
Orc:2:    grunt_orc_community_town_hall, grunt_orc_community_big_house_1,
          grunt_orc_community_big_house_2, grunt_orc_community_house_2,
          grunt_orc_community_house_1, grunt_orc_community_house_3,
          grunt_orc_community_house_2, serial_shops, shop,
          nicolae_shop_behind_doors, shop, statue_in_the_mist_lemuel
Elf:1:    basic_altar, minmay_elf_necromancy, hangedman_decor_cross_pass
Elf:2:    uniq_nikola, uniq_jorgrun
Elf:3:    minmay_elf_hall_four_x, uniq_saint_roka
Vaults:1: hangedman_vaults_stream, v_misc_11, nicolae_vaults_specimen_jars,
          ontoclasm_vaults_fault
Vaults:2: hangedman_vaults_impose, v_misc_1, nicolae_vaults_arrows,
          ontoclasm_vaults_echo, nicolae_vaults_alarming, vaults_room_door_hall,
          v_pattern_1, v_misc_26, vaults_dpeg_ring
Vaults:3: ontoclasm_vaults_hangar, hangedman_vaults_snaps,
          grunt_vaults_trifunnel, grunt_vaults_bifocal, dpeg_vaults_monster_row,
          stair_cage_open, vaults_room_hallway, minmay_crypt_entry_necro_gods,
          nicolae_vaults_little_squares_3, nicolae_vaults_yaktaur_gun_rack,
          v_pattern_5, nicolae_vaults_network_periphery, vaults_room_semicircle,
          basic_altar
Vaults:4: v_misc_15, nicolae_vaults_statue_guard, vaults_room_door_ring,
          v_pattern_2, hangedman_vaults_maws, vaults_mumra_hex, v_misc_9,
          vaults_room_fours, vaults_dpeg_spiral, v_misc_5, serial_shops, shop
Depths:1: minmay_five_octagons, hell_entry, hangedman_decor_peaks_small,
          enter_trove_3, special_room, door_vault
Depths:2: minmay_gate_of_8, hell_entry, serial_shops, shop_fountains, shop,
          nicolae_shop_behind_doors, solitary_fountain
Depths:3: regret_index_dithmenos_brocken_genspenst, serial_shops,
          bzr_entry_gold, infiniplex_staircase_pillars_1, pf_coc_iceberg,
          grunt_pan_entry_in_and_out, hangedman_decor_lopped,
          kennysheep_random_hallway, uniq_mara
Depths:4: minmay_the_grid_octo_tiled_octocenter, rand_demon_pan_entry_4,
          abyss_entry_small_statue_room, hell_entry, nrook_pool_corridor,
          serial_shops, shop, kennysheep_generic_room_7,
          minmay_staircase_windowed_large
Depths:5: grunt_zot_entry_alcove, enter_ziggurat_e, abyss_entry, hell_entry,
          minmay_crystal_room
Zot:1:    grunt_ministairs_9, lemuel_flame_loot_1
Zot:2:    nicolae_zot_draconian_monastery
Zot:5:    st_stairs_14, stair_cage_wide
Abyss:2:  hangedman_cross_veins, evilmike_abyss_exit_glass
Abyss:3:  gammafunk_abyss_rune_reverse_zot
Lab:      labyrinth_skeletal_remains, nicolae_lab_very_dead_end
Bazaar:   bazaar_minmay_row
Volcano:  pf_volcano_lost_world

Table legend:
 A = Turns spent in this place as a percentage of turns spent in the entire game.
 B = Non-inter-level travel turns spent in this place as a percentage of non-inter-level travel turns spent in the entire game.
 C = Inter-level travel turns spent in this place as a percentage of turns spent in this place.
 D = Turns resting spent in this place as a percentage of non-inter-level travel turns spent in this place.
 E = Turns spent auto-exploring this place as a percentage of non-inter-level travel turns spent in this place.
 F = Non-inter-level travel turns spent in this place divided by the number of levels of this place that you've seen.
                   A       B       C       D       E      F
               +-------+-------+-------+-------+-------+----------------------
         Total | 100.0 | 100.0 |   6.8 |  34.2 |  16.5 | 1610.2
       Dungeon |  28.6 |  27.6 |   9.7 |  27.4 |  23.7 | 1632.3
        Temple |   0.1 |   0.1 |  19.8 |   0.0 |  97.4 |  77.0
          Lair |  10.2 |   9.5 |  13.4 |  29.1 |  19.3 | 1401.5
        Shoals |   8.5 |   8.9 |   3.0 |  52.0 |   7.1 | 1963.0
   Spider Nest |   7.0 |   7.2 |   4.2 |  35.2 |  10.0 | 1590.5
  Orcish Mines |   3.2 |   3.2 |   6.9 |  35.2 |   2.9 | 1403.0
   Elven Halls |   4.8 |   4.8 |   6.3 |  17.9 |  33.8 | 1425.0
        Vaults |  10.9 |  11.4 |   3.2 |  45.0 |   8.3 | 2515.8
        Depths |  12.8 |  12.7 |   7.1 |  38.7 |  11.7 | 2253.8
           Zot |  12.1 |  12.7 |   2.2 |  31.2 |  20.1 | 2245.4
         Abyss |   0.3 |   0.4 |   0.0 |   0.0 |   0.0 | 108.7
     Labyrinth |   0.2 |   0.3 |   0.0 |   0.0 |   0.0 | 223.0
        Bazaar |   0.0 |   0.0 |   0.0 |   0.0 |   0.0 |  38.0
       Volcano |   1.2 |   1.3 |   0.0 |  57.4 |   0.0 | 1150.0
               +-------+-------+-------+-------+-------+----------------------

Table legend:
 A = Kills in this place as a percentage of kills in entire the game.
 B = Kills by you in this place as a percentage of kills by you in the entire game.
 C = Kills by friends in this place as a percentage of kills by friends in the entire game.
 D = Other kills in this place as a percentage of other kills in the entire game.
 E = Experience gained in this place as a percentage of experience gained in the entire game.
 F = Experience gained in this place divided by the number of levels of this place that you have seen.
                   A       B       C       D       E      F
               +-------+-------+-------+-------+-------+----------------------
         Total | 100.0 | 100.0 | 100.0 | 100.0 | 100.0 | 23618.5
       Dungeon |  23.3 |  24.0 |  17.0 |  26.1 |   6.2 | 5337.7
          Lair |   9.1 |  10.0 |   0.0 |  13.0 |   4.7 | 10068.5
        Shoals |   5.7 |   5.3 |   9.5 |   8.7 |   4.9 | 15957.2
   Spider Nest |   8.0 |   9.0 |   0.0 |   0.0 |   5.0 | 16269.0
  Orcish Mines |   5.9 |   4.9 |  15.5 |   0.0 |   0.6 | 3906.5
   Elven Halls |   6.0 |   6.6 |   0.5 |   0.0 |   7.6 | 33017.7
        Vaults |  12.5 |  11.9 |  18.5 |   8.7 |  11.4 | 37091.0
        Depths |  17.4 |  17.4 |  17.0 |  21.7 |  27.5 | 71572.0
           Zot |  10.2 |   9.0 |  21.0 |  17.4 |  31.1 | 80878.0
         Abyss |   0.2 |   0.3 |   0.0 |   0.0 |   0.2 | 690.7
     Labyrinth |   0.1 |   0.2 |   0.0 |   0.0 |   0.1 | 1759.0
       Volcano |   1.4 |   1.4 |   1.0 |   4.3 |   0.6 | 8325.0
               +-------+-------+-------+-------+-------+----------------------
